 Dungeon Crawl Stone Soup version 0.29-a0-341-g24ffce5b50 (webtiles) character file.

Game seed: 17020487581077026573

210 Antichthon the Chopper (level 5, -9/45 HPs)
             Began as a Naga Warper on Apr 20, 2022.
             Mangled by Pikel
             ... wielding a +2 whip of electrocution
              (16 damage)
             ... on level 4 of the Dungeon.
             The game lasted 00:04:22 (3864 turns).

Antichthon the Chopper (Naga Warper)                Turns: 3864, Time: 00:04:22

Health: -9/45      AC:  5    Str: 19    XL:     5   Next: 87%
Magic:  8/8        EV:  9    Int: 13    God:
Gold:   123        SH:  3    Dex: 13    Spells: 3/8 levels left

rFire   . . .      SeeInvis +   a - +0 war axe
rCold   . . .      Faith    .   r - +0 buckler
rNeg    . . .      Spirit   .   b - +0 leather armour
rPois   +          Reflect  .   (no helmet)
rElec   .          Harm     .   j - +1 cloak
rCorr   .          Rampage  .   (no gloves)
Will    .....                   (no barding)
Stlth   +.........              (no amulet)
HPRegen 0.15/turn               f - +6 ring of strength
MPRegen 0.11/turn               (no ring)

@: short of breath, very slow
A: AC +1, large, see invisible, deformed body, poison resistance, slowness 2,
spit poison 1, naga tail 1
a: Spit Poison


You were on level 4 of the Dungeon.
You visited 2 branches of the dungeon, and saw 5 of its levels.

You collected 123 gold pieces.

Inventory:

Hand Weapons
 a - a +0 war axe (weapon)
Missiles
 d - 7 boomerangs of dispersal (quivered)
Armour
 b - a +0 leather armour (worn)
 j - a +1 cloak (worn)
 r - a +0 buckler (worn)
Jewellery
 f - a +6 ring of strength (left hand)
Wands
 s - a wand of flame (21)
 x - a wand of iceblast (15)
Scrolls
 c - 2 scrolls of blinking
 i - 3 scrolls of immolation {unknown}
 l - 4 scrolls of identify {unknown}
 q - 2 scrolls of teleportation {unknown}
 t - a scroll of enchant armour {unknown}
 u - a scroll of fear {unknown}
 v - a scroll of noise {unknown}
 w - a scroll of magic mapping {unknown}
 y - a scroll of amnesia {unknown}
Potions
 e - a potion of invisibility {unknown}
 g - a potion of attraction {unknown}
 h - 4 potions of haste {unknown}
 k - 2 potions of flight {unknown}
 m - 4 potions of curing {unknown}
 n - 2 potions of cancellation {unknown}
 o - a potion of mutation {unknown}
 p - a potion of might {unknown}


   Skills:
 - Level 2.0 Fighting
 + Level 5.9 Axes
 - Level 0.8 Throwing
 - Level 0.7 Armour
 - Level 1.5 Dodging
 - Level 2.0 Spellcasting
 - Level 3.0 Translocations


You had 3 spell levels left.
You knew the following spells:

 Your Spells              Type           Power      Damage    Failure   Level
a - Blink                 Tloc           18%        N/A       17%         2
b - Teleport Other        Tloc           9%         N/A       32%         3

Your spell library contained the following spells:

 Spells                   Type           Power      Damage    Failure   Level
 Gell's Gravitas          Tloc           9%         N/A       32%         3
 Lesser Beckoning         Tloc           9%         N/A       32%         3
 Magic Dart               Conj           4%         1d3       36%         1
 Searing Ray              Conj           2%         2d4       50%         2
 Manifold Assault         Tloc           9%         N/A       97%         5
 Fulminant Prism          Conj/Hex       0%         3d6       98%         4


Dungeon Overview and Level Annotations

Branches:
Dungeon (4/15)             Temple (1/1) D:4

Altars:
Ashenzari
Dithmenos
Elyvilon
Gozag
Hepliaklqana
Kikubaaqudgha
Makhleb
Nemelex Xobeh
Okawaru
Qazlal
Sif Muna
Trog
Uskayaw
Yredelemnul
Zin
The Shining One

Annotations:
D:4 Pikel


Innate Abilities, Weirdness & Mutations

Your serpentine skin is tough. (AC +1)
You have supernaturally acute eyesight. (SInv)
Armour fits poorly on your strangely shaped body.
Your system is resistant to poisons. (rPois)
You cover ground very slowly.
You can spit poison.
You have a snake-like lower body.


Message History

You kill the hound!
You see here a hound corpse.
Okay, then.
HP restored.
You see here a hound corpse.
A lemure comes into view.
The lemure shouts!
You hear a shout!
A lemure comes into view. x2
The lemure moves out of view.
Pikel, Merchant of Souls comes into view.
He is wielding a +2 whip of electrocution.
The lemure shouts!
A lemure comes into view.
The lemure shouts!
You hit Pikel but do no damage.
A giant cockroach comes into view.
Pikel hits you with a +2 whip of electrocution!
You closely miss Pikel.
Pikel says, "Hell isn't that bad."
You block Pikel's attack. Pikel closely misses you.
You miss Pikel.
Pikel hits you with a +2 whip of electrocution!
You hit Pikel but do no damage.
Pikel hits you with a +2 whip of electrocution.
Aiming: Spit Poison (1% risk of failure)
Press: ? - help, Shift-Dir - straight line, f - Pikel
Aim: Pikel, wielding a +2 whip of electrocution and wearing a +0 robe (50% to hit)
The splash of poison misses Pikel.
The splash of poison misses the lemure.
The splash of poison hits the lemure.
The lemure is lightly wounded.
Pikel closely misses you.
You closely miss Pikel.
Pikel says, "Hell isn't that bad."
You block Pikel's attack.
You hit Pikel but do no damage.
Pikel hits you with a +2 whip of electrocution. x2
You closely miss Pikel.
Pikel hits you with a +2 whip of electrocution!
* * * LOW HITPOINT WARNING * * *
You are electrocuted!
You die...

#......#. #.....##.
#......#. #........
######....##
#....#....##
+....+....+.
#.5#########....#....##
#.555K@....#....#......
#..#######.#>...#....##
#.#....#....##
#.#....#....##
#.#....#†.....
#.#.......####
#.#.......####
#.............
######....####


You could see Pikel and 4 lemures.

Vanquished Creatures
  A jelly (D:3)
  A hound (D:4)
  Ijyb (D:3)
  5 adders
  A worm (D:2)
  6 dart slugs
  5 endoplasms
  3 giant cockroaches
  5 goblins
  7 hobgoblins
  2 jackals (D:2)
  4 kobolds
  A quokka (D:1)
  9 ball pythons
  9 bats
  A frilled lizard (D:3)
  7 rats
  A butterfly (Temple)
69 creatures vanquished.

Notes
Turn   | Place    | Note
-------+----------+-------------------------------------------
     0 | D:1      | Antichthon the Naga Warper began the quest for the Orb.
     0 | D:1      | Reached XP level 1. HP: 19/19 MP: 3/3
   509 | D:1      | Reached XP level 2. HP: 26/26 MP: 5/5
   817 | D:1      | Reached skill level 3 in Axes
   925 | D:1      | Reached XP level 3. HP: 9/32 MP: 6/6
   928 | D:1      | Learned a level 2 spell: Blink
   932 | D:1      | Learned a level 3 spell: Teleport Other
  1864 | D:2      | Reached skill level 4 in Axes
  1871 | D:2      | Reached XP level 4. HP: 27/39 MP: 7/7
  2661 | D:3      | Reached skill level 5 in Axes
  2661 | D:3      | Reached XP level 5. HP: 37/45 MP: 8/8
  2852 | D:3      | Noticed Ijyb
  2867 | D:3      | Killed Ijyb
  3568 | D:4      | Found a broken altar of Ashenzari.
  3617 | D:4      | Found a staircase to the Ecumenical Temple.
  3628 | Temple   | Entered the Ecumenical Temple
  3853 | D:4      | Noticed a lemure
  3853 | D:4      | Noticed a lemure
  3853 | D:4      | Noticed a lemure
  3854 | D:4      | Noticed Pikel
  3855 | D:4      | Noticed a lemure
  3864 | D:4      | Mangled by Pikel

Illustrated notes

Levels and vault maps discovered:
D:1:      minmay_arrival_shattered_statue, layout_rooms
D:2:      layout_loops_ring
D:3:      layout_basic, serial_rivers, chequers_serial_rivers_small_b,
          chequers_serial_rivers_micro_d, chequers_serial_rivers_large_a,
          chequers_serial_rivers_micro_b, chequers_serial_rivers_micro_a,
          uniq_ijyb
D:4:      layout_basic, ashenzari_conservatory_becter,
          minmay_temple_entry_butterflies, uniq_pikel
Temple:   regret_index_temple_waves

Skill      XL: |  1  2  3  4 |
---------------+-------------+-----
Axes           | 3 4 5 |  5.9
Fighting       | |  2.0
Throwing       | |  0.8
Armour         | |  0.7
Dodging        | |  1.5
Spellcasting   | |  2.0
Translocations | |  3.0

Action                   |  1- 3 |  4- 6 || total
-------------------------+-------+-------++-------
Melee: Hand axe          |    49 |       ||    49
       Unarmed           |     1 |       ||     1
       War axe           |    38 |   125 ||   163
       Punch             |     1 |     1 ||     2
 Abil: Spit Poison       |     6 |     9 ||    15
Armor: Leather armour    |    36 |    38 ||    74
Dodge: Dodged            |    52 |    63 ||   115
Block: Buckler           |       |     7 ||     7

Table legend: (Time is in decaauts)
 A = Elapsed time spent in this place.
 B = Non-inter-level travel time spent in this place.
 C = Inter-level travel time spent in this place.
 D = Time resting spent in this place.
 E = Time spent auto-exploring this place.
 F = Levels seen in this place.
 G = Mean time per level.
                   A        B        C        D        E       F      G
               +--------+--------+--------+--------+--------+-----+--------+
         Total |   4646 |   4466 |    180 |      0 |   3631 |   5 |  929.2 |
       Dungeon |   4442 |   4359 |     83 |      0 |   3557 |   4 | 1110.5 |
        Temple |    204 |    108 |     96 |      0 |     74 |   1 |  204.0 |
               +--------+--------+--------+--------+--------+-----+--------+

Top non-repeatable levels by time:
     D:1: 1629 daAuts
     D:3: 1406 daAuts
     D:2: 1204 daAuts
  Temple: 204 daAuts
     D:4: 201 daAuts
